Map: Graystone Ravine

Players

Mustang

  • Race: Protoss Protoss
  • Spawn Location: 9:00

MonteStar

  • Race: Terran Terran
  • Spawn Location: 11:00

Gracz - Winner!

  • Race: Protoss Protoss
  • League: Silver
  • Spawn Location: 5:00

Baroudsky - Winner!

  • Race: Protoss Protoss
  • Spawn Location: 3:00

VOD

Have the link to the VOD?

Description

Time

  • Played on: Oct. 30, 2016, 6:19 p.m.
  • Length: 15:49
Show
View Real Time Build Order
Export as new Build Order

Mustang Protoss 

Build Orders: Nexus First 

Get SALT Encoding   

  12  0:06  Probe (Chrono Boost)  
  13  0:17  Probe (Chrono Boost)  
  14  0:28  Probe (Chrono Boost)  
  15  0:34  Pylon  
  15  0:57  Unknown, Nexus  
  15  1:00  Probe (Chrono Boost)  
  16  1:06  Assimilator  
  16  1:11  Assimilator  
  16  1:28  Gateway  
  16  1:34  Forge  
  16  1:37  Probe (Chrono Boost)  
  17  1:51  Probe (Chrono Boost)  
  18  2:02  Probe (Chrono Boost)  
  19  2:08  Unknown  
  19  2:18  Probe (Chrono Boost)  
  20  2:24  Probe (Chrono Boost)  
  20  2:29  Probe (Chrono Boost)  
  22  2:37  Cybernetics Core  
  22  2:39  Probe (Chrono Boost)  
  22  2:41  Pylon  
  23  2:50  Probe (Chrono Boost)  
  24  2:52  Assimilator  
  24  2:57  Assimilator  
  24  3:00  Probe (Chrono Boost)  
  25  3:09  Photon Cannon  
  25  3:11  Probe (Chrono Boost)  
  25  3:12  Photon Cannon  
  26  3:16  Photon Cannon  
  26  3:21  Probe (Chrono Boost)  
  26  3:24  Photon Cannon  
  27  3:42  Robotics Facility  
  27  3:48  Probe (Chrono Boost)  
  28  3:58  Probe (Chrono Boost)  
  29  4:09  Probe (Chrono Boost)  
  30  4:20  Stargate x2  
  30  4:22  Stargate  
  30  4:25  Pylon  
  30  4:26  Pylon  
  30  4:27  Warp Prism  
  30  4:28  Pylon  
  32  4:42  Probe (Chrono Boost)  
  33  4:53  Probe (Chrono Boost)  
  34  5:36  Unknown, Nexus  
  34  5:40  Assimilator  
  34  5:46  Assimilator  
  34  5:55  Void Ray x2  
  34  5:56  Void Ray  
  37  6:48  Unknown  
  37  6:56  Void Ray  
  37  6:57  Void Ray x2  
  28  8:27  Void Ray  
  28  8:33  Void Ray x2  
  32  8:38  Probe (Chrono Boost)  
  33  8:49  Probe (Chrono Boost)  
  33  8:53  Pylon  
  34  9:00  Probe (Chrono Boost)  
  35  9:10  Warp Prism, Probe (Chrono Boost)  
  38  9:20  Void Ray x2  
  38  9:21  Probe (Chrono Boost), Void Ray  
  51  9:30  Pylon  
  51  9:57  Forge  
  51  9:59  Void Ray  
  50  10:02  Void Ray  
  50  10:03  Void Ray  
  62  10:34  Photon Cannon  
  62  10:48  Void Ray  
  62  10:52  Void Ray  
  70  11:05  Protoss Air Weapons Level 1  
  70  11:07  Protoss Shields Level 1  
  70  11:18  Pylon  
  70  11:20  Pylon  
  70  11:52  Void Ray  
  74  12:57  Void Ray  
  74  13:01  Void Ray x2  
  86  13:47  Pylon  
  86  13:48  Pylon  
  86  13:51  Fleet Beacon  
  86  13:58  Twilight Council  
Show
View Real Time Build Order
Export as new Build Order

MonteStar Terran 

Build Orders:  

Get SALT Encoding   

  12  0:00  SCV  
  13  0:13  SCV  
  14  0:19  Supply Depot  
  14  0:25  SCV  
  15  0:41  Barracks, SCV  
  16  0:52  Refinery  
  16  0:53  SCV  
  17  1:05  SCV  
  18  1:16  Refinery  
  18  1:17  SCV  
  19  1:29  SCV  
  19  1:30  Supply Depot  
  20  1:35  Reaper  
  21  1:41  SCV  
  22  1:51  Barracks  
  22  1:53  SCV  
  23  2:07  Reaper  
  24  2:11  SCV  
  24  2:15  Factory  
  25  2:23  SCV  
  26  2:35  SCV  
  27  2:39  Marine  
  27  2:41  Reaper  
  28  2:47  Engineering Bay, Orbital Command  
  28  3:00  Marine  
  28  3:01  Widow Mine  
  31  3:06  Starport  
  29  3:12  Marine  
  29  3:18  Marine  
  30  3:30  Marine  
  30  3:40  Marine  
  31  3:46  Factory Tech Lab  
  31  3:58  Marine  
  31  4:10  Supply Depot  
  31  4:14  Liberator  
  31  4:17  Supply Depot  
  31  4:22  Missile Turret  
  31  4:23  Terran Infantry Weapons Level 1  
  31  4:31  Marine x2, Siege Tank  
  31  4:34  Supply Depot  
  39  4:39  Starport  
  39  4:49  Marine  
  39  4:50  Barracks Tech Lab  
  39  4:51  Supply Depot  
  40  4:58  Missile Turret  
  40  5:07  Marine  
  41  5:14  Medivac  
  43  5:24  Unknown, Command Center  
  43  5:28  Medivac  
  45  5:34  Widow Mine  
  47  5:35  Marine  
  48  5:46  Marine  
  49  5:53  Marine  
  50  6:03  Marine  
  48  6:09  Combat Shields  
  48  6:11  Marine  
  49  6:21  Marine  
  50  6:31  Marine  
  48  6:35  Unknown  
  48  6:40  Marauder  
  48  6:49  Marine  
  44  7:01  Marauder  
  45  7:07  Marine  
  45  7:08  Siege Tank  
  47  7:22  Marauder  
  45  7:25  Marine  
  34  7:40  Siege Tank, Orbital Command  
  34  7:43  Marine  
  34  7:44  Marauder  
  38  7:52  Viking x2  
  42  8:00  Marine  
  42  8:05  Marauder  
  39  8:18  Marine  
  40  8:20  SCV  
  40  8:26  Marauder  
  43  8:29  Siege Tank  
  43  8:32  Refinery  
  43  8:34  Medivac  
  48  8:36  Marine  
  48  8:37  Refinery  
  49  8:44  Stimpack  
  49  8:48  SCV, Marauder  
  51  8:54  Marine  
  53  9:01  Widow Mine  
  55  9:09  Marine  
  56  9:12  Marine  
  43  9:27  Marauder  
  43  9:30  Marine, Widow Mine  
  43  9:47  Marine  
  43  9:48  Marine  
  43  9:51  SCV  
  46  9:53  Missile Turret  
  46  9:55  Missile Turret  
  46  9:59  Siege Tank  
  49  10:03  SCV  
  49  10:04  Medivac  
  49  10:05  Marine  
  49  10:06  Marine  
  54  10:11  Starport Tech Lab  
  54  10:13  SCV  
  55  10:15  SCV  
  56  10:23  Marine, Unknown, Command Center  
  56  10:24  Marauder  
  56  10:27  SCV  
  60  10:31  Siege Tank  
  63  10:39  SCV  
  63  10:41  Marine  
  65  10:43  Banshee  
  65  10:45  Marauder  
  65  10:47  Medivac  
  72  10:50  Terran Infantry Armor Level 1  
  72  10:51  SCV  
  73  10:59  Marine  
  73  11:03  SCV, Siege Tank  
  78  11:12  Supply Depot  
  78  11:13  Marine  
  78  11:16  Supply Depot  
  72  11:39  Supply Depot  
  72  11:53  Medivac x2  
  75  11:55  Marine  
  75  11:56  Marauder  
  78  12:09  Unknown, Command Center  
  78  12:11  Unknown, Command Center  
  78  12:15  Marine  
  79  12:17  Marine, Factory Tech Lab  
  80  12:22  Medivac  
  82  12:33  Marine  
  82  12:34  Marine  
  81  12:43  Concussive Shells  
  81  12:50  Marine  
  82  12:55  Barracks  
  82  12:59  Marauder  
  82  13:02  Barracks  
  82  13:03  Barracks  
  84  13:08  Marine  
  85  13:20  Unknown  
  85  13:22  Unknown  
  85  13:23  Missile Turret  
  85  13:26  Marine  
  86  13:27  Armory  
  86  13:36  Marine  
  87  13:43  Missile Turret, Siege Tank  
  87  13:44  Marauder  
  92  13:49  Planetary Fortress  
  92  13:50  Factory  
  92  13:52  Marine x2  
  92  13:54  Marine  
  93  14:06  Marauder  
  95  14:10  Marine x2  
  95  14:12  Marine  
  78  14:27  Marauder  
  51  14:42  Marine x3  
  54  14:48  Marauder  
  56  14:54  Siege Tank  
  56  14:56  Medivac  
  56  14:57  Medivac  
  63  15:00  Marine x3  
  63  15:02  Unknown x2, Command Center x2  
  63  15:06  Factory Tech Lab  
  66  15:10  Marauder  
  68  15:18  Marine x3  
Show
View Real Time Build Order
Export as new Build Order

Gracz Protoss - Winner!

Build Orders: 1 Gate Expand 

Get SALT Encoding   

  12  0:01  Probe (Chrono Boost)  
  13  0:17  Pylon  
  13  0:20  Probe (Chrono Boost)  
  14  0:40  Probe (Chrono Boost)  
  15  0:48  Gateway  
  15  1:07  Unknown, Nexus  
  15  1:31  Probe (Chrono Boost)  
  16  1:44  Probe (Chrono Boost)  
  16  1:45  Cybernetics Core  
  17  1:48  Assimilator  
  17  1:50  Assimilator  
  17  1:54  Pylon, Probe (Chrono Boost)  
  18  2:05  Probe (Chrono Boost)  
  18  2:07  Gateway  
  19  2:12  Pylon  
  19  2:18  Unknown, Probe (Chrono Boost)  
  19  2:20  Probe (Chrono Boost)  
  21  2:24  Warp Gate  
  21  2:28  Probe (Chrono Boost)  
  22  2:37  Adept  
  24  2:44  Probe (Chrono Boost)  
  24  2:46  Probe (Chrono Boost)  
  26  2:56  Probe (Chrono Boost)  
  28  2:58  Probe (Chrono Boost)  
  28  3:00  Adept  
  30  3:10  Gateway  
  30  3:12  Gateway  
  30  3:17  Stalker  
  32  3:21  Probe (Chrono Boost)  
  32  3:23  Probe (Chrono Boost)  
  34  3:28  Stalker  
  39  3:41  Probe (Chrono Boost)  
  39  3:42  Mothership Core (Chrono Boost)  
  39  3:49  Robotics Facility  
  39  4:10  Adept  
  39  4:14  Adept  
  39  4:15  Stalker x2  
  47  4:22  Gateway  
  47  4:23  Gateway  
  47  4:27  Probe x2 (Chrono Boost)  
  50  4:39  Probe (Chrono Boost), Twilight Council  
  50  4:54  Warp Prism  
  52  5:12  Pylon  
  52  5:19  Stargate  
  52  5:20  Stargate  
  52  5:24  Assimilator  
  52  5:26  Assimilator  
  52  5:30  Pylon  
  52  5:31  Stalker  
  54  5:43  Pylon, Immortal  
  52  6:56  Fleet Beacon  
  52  7:03  Stalker x3  
  52  7:04  Stalker  
  60  7:12  Stalker  
  50  7:46  Stalker  
  50  7:47  Stalker x2  
  44  7:59  Stalker x2  
  44  8:10  Stalker x2  
  44  8:11  Stalker  
  50  8:16  Probe x2 (Chrono Boost)  
  53  8:28  Probe (Chrono Boost)  
  49  8:43  Immortal, Blink  
  49  8:46  Unknown, Robotics Bay, Nexus  
  53  8:48  Pylon  
  53  8:51  Robotics Facility, Pylon  
  53  8:54  Assimilator  
  53  8:56  Assimilator  
  53  8:59  Pylon  
  53  9:05  Probe x2 (Chrono Boost)  
  53  9:08  Stalker x2  
  59  9:17  Probe x2 (Chrono Boost)  
  57  9:29  Probe (Chrono Boost)  
  58  9:39  Disruptor  
  61  9:46  Robotics Facility  
  61  9:53  Stalker  
  61  9:54  Zealot x2  
  61  9:55  Zealot x3  
  61  9:57  Unknown  
  73  10:09  Probe (Chrono Boost)  
  73  10:10  Probe x2 (Chrono Boost)  
  76  10:14  Disruptor  
  76  10:15  Immortal  
  83  10:21  Stalker x2  
  87  10:35  Charge  
  87  10:36  Probe (Chrono Boost)  
  87  10:38  Probe x2 (Chrono Boost)  
  87  10:40  Stalker x2  
  94  10:44  Sentry  
  97  10:50  Probe (Chrono Boost)  
  95  11:17  Adept  
  95  11:18  Adept x3  
  87  11:42  Tempest x2, Stalker  
  87  11:43  Stalker x2  
  87  11:45  Stalker x3  
  105  12:09  Forge  
  105  12:17  Gateway  
  105  12:18  Gateway  
  105  12:20  Stargate  
  107  12:23  Stargate, Probe x3 (Chrono Boost)  
  108  12:37  Observer  
  108  12:38  Observer  
  108  12:39  Immortal  
  108  12:42  Stalker  
  116  12:46  Pylon, Resonating Glaives  
  116  12:49  Pylon  
  116  12:58  Pylon  
  116  13:08  Immortal  
  120  13:16  Probe (Chrono Boost)  
  120  13:17  Probe x2 (Chrono Boost)  
  123  13:28  Colossus  
  123  13:30  Disruptor  
  132  13:34  Adept  
  132  13:35  Adept  
  132  13:37  Sentry  
  138  14:25  Stalker  
  138  14:30  Pylon  
  140  14:32  Pylon  
  140  14:34  Pylon  
  140  14:42  Tempest  
  140  14:44  Tempest  
  140  14:49  Tempest  
  152  15:03  Zealot  
  152  15:04  Zealot x3  
  152  15:06  Adept  
  162  15:07  Adept  
  164  15:15  Pylon  
  164  15:19  Pylon  
  164  15:22  Pylon  
Show
View Real Time Build Order
Export as new Build Order

Baroudsky Protoss - Winner!

Build Orders: Blink Stalkers 

Get SALT Encoding   

  12  0:01  Probe (Chrono Boost)  
  13  0:11  Probe (Chrono Boost)  
  14  0:18  Pylon  
  14  0:22  Probe (Chrono Boost)  
  15  0:36  Gateway  
  15  0:40  Probe (Chrono Boost)  
  16  0:46  Assimilator  
  16  0:51  Probe (Chrono Boost)  
  17  1:00  Gateway  
  17  1:02  Probe (Chrono Boost)  
  18  1:05  Assimilator  
  18  1:13  Probe (Chrono Boost)  
  19  1:24  Cybernetics Core  
  19  1:31  Probe (Chrono Boost)  
  20  1:42  Probe (Chrono Boost)  
  20  1:43  Pylon  
  21  1:52  Probe (Chrono Boost)  
  22  1:58  Stalker  
  22  2:01  Stalker  
  22  2:03  Warp Gate  
  28  2:09  Mothership Core (Chrono Boost)  
  28  2:14  Pylon  
  28  2:29  Probe (Chrono Boost)  
  29  2:43  Stalker  
  29  2:45  Stalker  
  33  2:54  Twilight Council  
  33  2:58  Probe (Chrono Boost)  
  34  3:10  Probe (Chrono Boost)  
  35  3:24  Gateway x2  
  35  3:33  Blink  
  33  3:44  Robotics Facility  
  31  4:06  Unknown, Nexus  
  31  4:08  Pylon  
  31  4:16  Forge  
  32  4:24  Probe (Chrono Boost)  
  32  4:32  Observer  
  32  4:36  Probe (Chrono Boost)  
  34  4:40  Stalker x2  
  34  4:44  Protoss Ground Weapons Level 1  
  38  4:49  Probe (Chrono Boost)  
  39  4:54  Photon Cannon  
  39  4:56  Observer  
  41  5:08  Probe (Chrono Boost)  
  41  5:17  Unknown  
  41  5:20  Probe x2 (Chrono Boost)  
  41  5:21  Observer  
  44  5:29  Stalker  
  44  5:30  Stalker x2  
  44  5:32  Probe (Chrono Boost)  
  44  5:35  Assimilator, Probe (Chrono Boost)  
  52  5:41  Pylon  
  52  5:48  Observer  
  53  6:10  Gateway  
  53  6:13  Gateway  
  53  6:15  Gateway x2, Probe (Chrono Boost)  
  54  6:21  Assimilator  
  54  6:37  Probe (Chrono Boost)  
  54  6:39  Probe (Chrono Boost)  
  56  6:51  Probe (Chrono Boost)  
  53  7:00  Stalker x2  
  53  7:01  Stalker x2  
  59  7:05  Probe (Chrono Boost)  
  59  7:06  Probe (Chrono Boost)  
  63  7:15  Probe (Chrono Boost)  
  64  7:18  Probe (Chrono Boost)  
  65  7:26  Probe (Chrono Boost)  
  66  7:39  Protoss Ground Weapons Level 2  
  66  7:44  Pylon  
  66  7:46  Pylon  
  66  7:48  Stalker x2  
  66  7:51  Photon Cannon  
  70  7:55  Pylon  
  70  7:56  Pylon  
  70  8:10  Stalker x4  
  70  8:11  Stalker  
  80  8:18  Unknown, Nexus  
  80  8:21  Pylon  
  80  8:24  Pylon  
  80  8:25  Probe (Chrono Boost)  
  80  8:27  Probe (Chrono Boost)  
  80  8:28  Pylon  
  80  8:38  Templar Archives  
  80  8:41  Forge  
  80  8:44  Probe (Chrono Boost)  
  80  8:48  Stalker x2  
  85  9:03  Photon Cannon  
  85  9:07  Photon Cannon  
  85  9:09  Photon Cannon  
  86  9:11  Probe (Chrono Boost)  
  84  9:30  Unknown, Probe (Chrono Boost)  
  86  9:32  Probe (Chrono Boost)  
  86  9:33  Assimilator  
  86  9:36  Assimilator  
  84  9:53  High Templar x4  
  84  9:54  High Templar x4  
  84  9:58  Protoss Ground Weapons Level 3  
  100  10:03  Protoss Ground Armor Level 1  
  100  10:04  Photon Cannon  
  100  10:06  Probe x2 (Chrono Boost)  
  103  10:07  Photon Cannon  
  103  10:08  Probe (Chrono Boost)  
  103  10:20  Charge, Probe (Chrono Boost), Archon x2  
  104  10:22  Warp Prism  
  106  10:32  Probe (Chrono Boost)  
  106  10:33  Probe x2 (Chrono Boost)  
  109  10:42  Probe (Chrono Boost)  
  110  10:45  Probe (Chrono Boost)  
  110  10:47  Probe (Chrono Boost)  
  112  10:56  Unknown, Nexus  
  112  10:58  Zealot x3  
  112  10:59  Pylon  
  112  11:00  Pylon  
  112  11:02  Pylon  
  118  11:04  Pylon  
  117  11:37  High Templar x7  
  131  11:41  Archon x2  
  131  11:42  Archon  
  131  11:56  Stalker  
  133  12:08  Unknown  
  133  12:09  Photon Cannon  
  133  12:11  Photon Cannon  
  133  12:12  Photon Cannon  
  133  12:14  Probe (Chrono Boost)  
  133  12:15  Photon Cannon x2  
  137  12:16  Probe x3 (Chrono Boost)  
  137  12:17  Photon Cannon  
  137  12:20  Stalker x2  
  137  12:21  Stalker x6, Photon Cannon  
  153  12:24  Photon Cannon  
  153  12:25  Photon Cannon  
  153  12:26  Photon Cannon  
  153  12:29  Assimilator  
  153  12:34  Assimilator, Pylon  
  153  12:42  Pylon  
  153  12:50  High Templar x5  
  163  12:51  Observer  
  163  12:56  Archon x2  
  167  13:06  Probe (Chrono Boost)  
  167  13:07  Probe x3 (Chrono Boost)  
  167  13:08  Stalker  
  167  13:09  Stalker x2  
  174  13:13  Protoss Ground Armor Level 2  
  174  13:14  Protoss Shields Level 1  
  174  13:16  Photon Cannon  
  174  13:18  Photon Cannon  
  174  13:19  Probe (Chrono Boost)  
  175  13:21  Pylon  
  175  13:25  Probe x2 (Chrono Boost)  
  177  14:09  Zealot x2  
  180  14:10  Zealot x6  
  180  14:11  Unknown, Nexus  
  136  14:55  Assimilator  
  136  14:57  Assimilator  
  136  14:59  Pylon  
  136  15:01  Pylon, High Templar x5  
  136  15:02  High Templar x3  
  136  15:04  Pylon  
  136  15:06  Archon x3  
  152  15:07  Archon  
  152  15:22  Unknown  
  152  15:23  Pylon  
  152  15:24  Pylon  
  148  15:42  Gateway  
  148  15:46  Gateway x2  
  148  15:47  Gateway  
  148  15:48  Gateway  
Tags
 
Add a new tag
Caveats
  • Supply blocks, unpowered buildings, or Contaminate may cause inaccurate times.
  • Supply counts are checked every 10 seconds.